Description

YESS GGGGGGG

Replay - [TLMC14] Ecostation (2) innovation serral test

Build Order

Get SALT Encoding   

  12  0:01  SCV  
  13  0:13  SCV  
  14  0:17  Supply Depot  
  14  0:25  SCV  
  14  0:27  Refinery  
  15  0:38  SCV  
  16  0:46  Barracks  
  16  0:51  SCV  
  17  1:03  SCV  
  18  1:15  SCV  
  19  1:27  SCV  
  20  1:35  Reaper  
  20  1:39  Orbital Command  
  21  1:47  Command Center  
  21  2:04  Factory  
  21  2:05  SCV  
  22  2:13  Barracks Reactor  
  22  2:17  Supply Depot  
  22  2:18  SCV  
  25  3:01  Command Center  
  25  3:02  Orbital Command  
  25  3:05  Hellion x2  
  30  3:15  Barracks Tech Lab  
  31  3:26  Supply Depot  
  31  3:27  Hellion x2  
  37  3:36  Stimpack  
  37  3:38  Marine  
  41  3:57  Hellion x2  
  41  3:59  Marine  
  48  4:10  Engineering Bay x2  
  48  4:16  Orbital Command  
  51  4:30  Barracks  
  52  4:36  Terran Infantry Weapons Level 1  
  52  4:37  Factory Reactor  
  53  4:38  Barracks  
  53  4:39  Terran Infantry Armor Level 1  
  53  4:41  Refinery  
  55  4:50  Supply Depot  
  57  4:58  Refinery  
  58  5:00  Barracks x2  
  60  5:07  Refinery  
  60  5:13  Supply Depot  
  61  5:15  Marine  
  64  5:23  Starport  
  64  5:26  Factory Reactor  
  67  5:33  Marine  
  69  5:37  Barracks  
  69  5:39  Combat Shield, Marine x4  
  75  5:51  Marine  
  75  5:52  Barracks Reactor x2  
  75  5:56  Barracks x2  
  76  5:57  Marine  
  81  6:16  Armory  
  81  6:17  Medivac x2  
  91  6:34  Barracks Reactor  
  91  6:38  Orbital Command  
  92  6:47  Barracks Tech Lab x2  
  92  6:52  Refinery x2  
  92  7:06  Terran Infantry Weapons Level 2, Terran Infantry Armor Level 2  
  101  7:11  Factory Tech Lab  
  105  7:23  Terran Vehicle Weapons Level 1  
  105  7:24  Concussive Shells  
  105  7:27  Marauder x3  
  117  7:48  Medivac x2  
  117  7:49  Marauder x2  
  133  8:03  Marauder, Siege Tank  
  141  8:21  Marauder x2  
  149  8:28  Medivac x2  
  149  8:29  Marauder  
  158  8:37  Siege Tank  
  163  8:43  Marauder  
  174  9:25  Medivac x2  
  182  9:57  Medivac x2  
Spawning Tool Build Advisor. Get it on Overwolf

Analysis

asdasdasd

Go to:

Details

  • Created by: froststarcraft2
  • Published on: Feb 29, 2020
  • Modified on: Feb 29, 2020
  • Patch: 4.11.0
Show
View Real Time Build Order
Export as new Build Order

Comments (0)

There are no comments. Be the first!

Create an account to comment!